 Dungeon Crawl Stone Soup version 0.30-a0-591-g3c58d2bc28 (webtiles) character file.

Game seed: 10328207499197658020

222 wormed the Changer (level 5, -1/33 HPs)
             Began as an Octopode Transmuter on Jan 4, 2023.
             Slain by an ogre
             ... wielding a +0 giant spiked club
              (30 damage)
             ... on level 3 of the Dungeon.
             The game lasted 00:03:29 (2326 turns).

wormed the Changer (Octopode Transmuter)            Turns: 2326, Time: 00:03:29

Health: -1/33      AC:  1    Str:  9    XL:     5   Next: 99%
Magic:  8/9        EV: 13    Int: 17    God:
Gold:   140        SH:  0    Dex: 13    Spells: 3/10 levels left

rFire   . . .      SeeInvis +      - Unarmed
rCold   . . .      Faith    .    (no shield)
rNeg    . . .      Spirit   .    (helmet currently unavailable)
rPois   .          Reflect  .    f - amulet of regeneration
rElec   .          Harm     .    h - ring of see invisible
rCorr   .          Rampage  .    (no ring)
Will    .....                    (no ring)
Stlth   ++                       (no ring)
HPRegen 1.05/turn                (no ring)
MPRegen 0.11/turn                (no ring)
                                 (no ring)
                                 (no ring)

@: appendages, wereblooded
A: tentacle spike 3, almost no armour, amphibious, 8 rings, camouflage 1,
gelatinous body 1, (nimble swimmer 1), tentacles
a: End Transformation


You were on level 3 of the Dungeon.
One of your tentacles had grown a beastly spike.
You visited 1 branch of the dungeon, and saw 3 of its levels.

You collected 140 gold pieces.

Inventory:

Jewellery
 f - an amulet of regeneration (around mantle)
 h - a ring of see invisible (left tentacle)
 l - an amulet of guardian spirit
Scrolls
 c - a scroll of fear {unknown}
 d - 2 scrolls of identify {unknown}
 g - a scroll of torment {unknown}
 i - a scroll of enchant armour {unknown}
 j - 3 scrolls of noise {unknown}
Potions
 a - 3 potions of curing {unknown}
 b - a potion of ambrosia {unknown}
 e - a potion of magic {unknown}
 k - a potion of degeneration {unknown}
 m - a potion of berserk rage {unknown}


   Skills:
 - Level 1.0 Fighting
 - Level 2.0 Dodging
 - Level 3.0 Unarmed Combat
 + Level 3.1 Spellcasting
 * Level 4.5 Transmutations
 + Level 2.5 Ice Magic


You had 3 spell levels left.
You knew the following spells:

 Your Spells              Type           Power      Damage    Failure   Level
a - Beastly Appendage     Tmut           36%        N/A       2%          1
b - Wereblood             Tmut           18%        N/A       4%          2
c - Ice Form              Ice/Tmut       14%        N/A       38%         4

Your spell library contained the following spells:

 Spells                   Type           Power      Damage    Failure   Level
 Passwall                 Tmut/Erth      8%         N/A       11%         2
 Sandblast                Erth           4%         2d4       17%         1
 Ozocubu's Armour         Ice            11%        N/A       19%         3
 Spider Form              Tmut/Pois      10%        N/A       21%         3
 Blink                    Tloc           4%         N/A       26%         2
 Momentum Strike          Conj/Tloc      4%         3d8       26%         2
 Lesser Beckoning         Tloc           4%         N/A       45%         3
 Portal Projectile        Hex/Tloc       4%         N/A       45%         3
 Stone Arrow              Conj/Erth      4%         3d7       45%         3
 Tukima's Dance           Hex            2%         N/A       45%         3
 Blade Hands              Tmut           9%         N/A       58%         5
 Metabolic Englaciation   Hex/Ice        3%         N/A       96%         5
 Simulacrum               Ice/Necr       3%         N/A       100%        6


Dungeon Overview and Level Annotations

Branches:
Dungeon (3/15)

Altars:
Kikubaaqudgha

Annotations:
D:3 2 transporters, bmack86's ghost, amateur MiFi


Innate Abilities, Weirdness & Mutations

One of your tentacles has grown a beastly spike.
You cannot wear most types of armour.
You are amphibious.
You can wear up to eight rings at the same time.
Your skin changes colour to match your surroundings (Stealth+).
Your rubbery body absorbs attacks. (AC +1, EV +1)
((You are camouflaged when in or above water. (Stealth+)))
You have tentacles for arms and can constrict up to eight enemies at once.


Message History

The orc hits you with a +0 trident!
You see here a +0 short sword.
You tentacle-slap the orc. You grab the orc.
You pierce the orc, but do no damage.
Your squeeze misses the orc.
The orc is heavily wounded.
You constrict the orc, but do no damage.
The orc hits you but does no damage.
You barely miss the orc.
You pierce the orc, but do no damage.
The orc is heavily wounded.
You constrict the orc. The orc barely misses you.
You tentacle-slap the orc.
You feel a bit better.
You kill the orc!
You tentacle-slap the orc. Your grab misses the orc.
The orc is lightly wounded.
The orc hits you with a +0 hand axe.
You tentacle-slap the orc. Your grab misses the orc. You tentacle-slap the orc.
The orc is severely wounded.
You howl as the wereblood boils in your veins!
The orc barely misses you.
You barely miss the orc. Your grab misses the orc.
Your tentacle spike misses the orc.
You squeeze the orc, but do no damage.
The orc is severely wounded.
The orc hits you with a +0 hand axe.
You closely miss the orc. You grab the orc.
Your tentacle spike misses the orc.
The orc is severely wounded.
You constrict the orc, but do no damage.
The orc hits you with a +0 hand axe.
You tentacle-slap the orc.
You feel a bit better.
You kill the orc!
You bludgeon the orc wizard! You grab the orc wizard.
You tentacle-slap the orc wizard.
The orc wizard is severely wounded.
You constrict the orc wizard. The orc wizard barely misses you.
You tentacle-slap the orc wizard.
You pierce the orc wizard.
You feel a bit better.
You kill the orc wizard!
The ogre attacks as you move away!
The ogre hits you with a +0 giant spiked club!!
Ouch! That really hurt!
You die...

. ... .....######
......oO@.###
#########...###
### ###...# #..
##########.#####.#
#.#
#................#
#.#
#....######.######
#.### #...## #.##
....# #>..#
#..###### ###.##
#####...#
##>.....##


You could see an ogre and an orc.

Vanquished Creatures
  3 orc wizards (D:3)
  Terence (D:2)
  Robin (D:2)
  4 adders
  3 dart slugs
  7 orcs (D:3)
  A ball python (D:1)
  4 bats
  3 endoplasms
  A giant cockroach (D:3)
  4 hobgoblins
  2 jackals (D:3)
  3 quokkas (D:1)
  4 frilled lizards
  16 goblins
  7 kobolds
  3 rats (D:1)
67 creatures vanquished.

Vanquished Creatures (others)
  4 plants (D:3)
4 creatures vanquished.

Grand Total: 71 creatures vanquished

Notes
Turn   | Place    | Note
-------+----------+-------------------------------------------
     0 | D:1      | wormed the Octopode Transmuter began the quest for the Orb.
     0 | D:1      | Reached XP level 1. HP: 13/13 MP: 3/3
   135 | D:1      | Reached XP level 2. HP: 3/18 MP: 3/5
   256 | D:1      | Learned a level 2 spell: Wereblood
   417 | D:1      | Found a faded altar of an unknown god.
   441 | D:1      | Reached skill level 1 in Ice Magic
   981 | D:2      | Reached XP level 3. HP: 23/23 MP: 3/6
  1017 | D:2      | Noticed Terence
  1036 | D:2      | Killed Terence
  1037 | D:2      | Reached skill level 3 in Transmutations
  1052 | D:2      | Reached XP level 4. HP: 28/28 MP: 7/7
  1078 | D:2      | Learned a level 4 spell: Ice Form
  1145 | D:2      | Noticed Robin
  1174 | D:2      | Killed Robin
  1740 | D:3      | Found a transporter.
  1760 | D:3      | Reached XP level 5. HP: 30/33 MP: 7/9
  1767 | D:3      | Reached skill level 4 in Transmutations
  1889 | D:3      | Found a transporter.
  1983 | D:3      | Found an ancient bone altar of Kikubaaqudgha.
  2234 | D:3      | Noticed bmack86's ghost (amateur MiFi)
  2312 | D:3      | Noticed an ogre
  2326 | D:3      | Slain by an ogre

Illustrated notes

Levels and vault maps discovered:
D:1:      sevenhm_arrival_forest_fort_large_2, layout_basic,
          dreamdust_ecumenical_altar_statues
D:2:      layout_rooms, serial_corexii_hall, chequers_hall_statues_corner_a,
          chequers_hall_statues_corner_a, chequers_hall_statues_corner_a,
          corexii_hall_statues_i, uniq_terence, uniq_robin
D:3:      layout_rooms, mainiacjoe_overflow_small_starburst,
          gammafunk_ghost_gnarly_gnolls, corexii_leaking_fountain,
          goddamned_bats, uniq_crazy_yiuf_cottage

Skill      XL: |  1  2  3  4  5 |
---------------+----------------+-----
Ice Magic      | 1 2 |  2.5
Transmutations | 3 4 |  4.5
Spellcasting   | 3 |  3.1
Fighting       | |  1.0
Dodging        | |  2.0
Unarmed Combat | |  3.0

Action                   |  1- 3 |  4- 6 || total
-------------------------+-------+-------++-------
Melee: Unarmed           |    51 |    93 ||   144
       Constrict         |     8 |    31 ||    39
       Kick              |     9 |    30 ||    39
       Tentacles         |     7 |    22 ||    29
       Punch             |       |     5 ||     5
 Cast: Beastly Appendage |    12 |    18 ||    30
       Wereblood         |     7 |    17 ||    24
  Use: Potion            |     1 |     1 ||     2
 Stab: Sleeping          |     3 |       ||     3
Armor: Skin              |    15 |     3 ||    18
Dodge: Dodged            |    22 |    59 ||    81

Table legend: (Time is in decaauts)
 A = Elapsed time spent in this place.
 B = Non-inter-level travel time spent in this place.
 C = Inter-level travel time spent in this place.
 D = Time resting spent in this place.
 E = Time spent auto-exploring this place.
 F = Levels seen in this place.
 G = Mean time per level.
                   A        B        C        D        E       F      G
               +--------+--------+--------+--------+--------+-----+--------+
         Total |   2317 |   2217 |    100 |     45 |   1725 |   3 |  772.3 |
       Dungeon |   2317 |   2217 |    100 |     45 |   1725 |   3 |  772.3 |
               +--------+--------+--------+--------+--------+-----+--------+

Top non-repeatable levels by time:
     D:1: 965 daAuts
     D:2: 766 daAuts
     D:3: 586 daAuts
